 Dungeon Crawl Stone Soup version 0.25.1-2-g60ff931df9 (webtiles) character file.

Game seed: 17670265142792514024

513 DearestLeader the Destroyer (level 7, -1/50 HPs)
             Began as a Red Draconian Conjurer on Oct 29, 2020.
             Slain by a hornet (6 damage)
             ... on level 5 of the Dungeon.
             The game lasted 00:10:44 (5477 turns).

DearestLeader the Destroyer (DrCj)                  Turns: 5477, Time: 00:10:44

Health: -1/50      AC:  6    Str:  8 (10) XL:     7   Next: 0%
Magic:  5/10       EV: 12    Int: 15 (17) God:
Gold:   286        SH:  0    Dex:  9 (12) Spells: 7/10 levels left

rFire    + . .     SeeInvis .   d - +0 dagger
rCold    . . .     Gourm    .   (no shield)
rNeg     . . .     Faith    .   (armour unavailable)
rPois    .         Spirit   .   (helmet restricted)
rElec    +         Reflect  .   s - scarf {repulsion}
rCorr    .         Harm     .   (no gloves)
MR       .....     Clarity  +   (no boots)
Stlth    ++........             (no amulet)
HPRegen  0.16/turn              (no ring)
MPRegen  0.12/turn              (no ring)

@: lethally poisoned (-1 -> -3), repel missiles
A: breathe fire, unfitting armour, big wings, clarity, fire resistance 1,
electricity resistance, cold-blooded, AC +6
a: Breathe Fire, Fly


You were on level 5 of the Dungeon.
You were hungry.

You visited 2 branches of the dungeon, and saw 6 of its levels.

You collected 286 gold pieces.

Inventory:

Hand Weapons
 d - a +0 dagger (weapon)
Missiles
 a - 24 poisoned darts (quivered)
Armour
 p - a +0 cloak
 s - a scarf of repulsion (worn)
Jewellery
 c - an uncursed ring of flight
Wands
 l - a wand of flame (20)
 t - a wand of paralysis (10)
Scrolls
 e - 5 scrolls of teleportation
 g - 3 scrolls of remove curse
 i - a scroll of noise {unknown}
 k - a scroll of fog {unknown}
 m - 2 scrolls of magic mapping {unknown}
 n - a scroll of enchant armour {unknown}
 o - 3 scrolls of fear {unknown}
 r - 2 scrolls of identify {unknown}
Potions
 h - a potion of degeneration
 q - a potion of lignification
Comestibles
 b - 9 rations
 u - 10 chunks of flesh


   Skills:
 + Level 2.9 Dodging
 - Level 1.7 Stealth
 - Level 2.0 Spellcasting
 * Level 8.0 Conjurations


You had 7 spell levels left.
You knew the following spells:

 Your Spells              Type           Power        Failure   Level  Hunger
a - Magic Dart            Conj           ####         1%          1    #......
b - Searing Ray           Conj           ####..       1%          2    ###....

Your spell library contained the following spells:

 Spells                   Type           Power        Failure   Level  Hunger
 Dazzling Flash           Conj/Hex       ##....       13%         3    ###....
 Fulminant Prism          Conj/Hex       ##........   38%         4    #####..
 Iskenderun's Mystic Bla  Conj/Tloc      ##......     38%         4    #####..


Dungeon Overview and Level Annotations

Branches:
Dungeon (5/15)             Temple (1/1) D:5

Altars:
Ashenzari
Cheibriados
Dithmenos
Elyvilon
Fedhas
Gozag
Hepliaklqana
Kikubaaqudgha
Nemelex Xobeh
Okawaru
Qazlal
Ru
Trog
Wu Jian
Yredelemnul
Zin

Shops:
D:4 }


Innate Abilities, Weirdness & Mutations

You can breathe blasts of fire.
Your fiery red scales are hard. (AC +6)
You cannot fit into any form of body armour.
Your flesh is heat resistant. (rF+)
You are cold-blooded and may be slowed by cold attacks.
Your large and strong wings let you fly indefinitely.
You possess an exceptional clarity of mind.
You are resistant to electric shocks. (rElec)


Message History

The haze of the repulsion field disappears.
Your roots penetrate the ground.
You feel sick.
The hornet stings you but does no damage. x2
The hornet stings you.
* * * LOW HITPOINT WARNING * * *
It was a potion of mutation.
You feel extremely strange.
You feel insulated.
Your thoughts seem clearer.
Your wings grow larger and stronger.
The hornet stings you but does no damage. x2
It was a potion of cancellation.
Your magical effects are unravelling.
You feel magically purged.
You feel less wooden.
Your scarf of repulsion unmelds from your body.
You are surrounded by a repulsion field.
You feel yourself speed up.
You feel sick.
The hornet stings you but does no damage.
The hornet stings you.
You die...

.# #+# .............# .#
##......≈.#..## ##
#.....^#..#.... #
#......≈_#.##### #
#.....§.#≈≈# #
#......§^^###### ######
. .###+#.#........ ##...
.. #.....#########
##.####... #@#.......#
.......... #y#######.#
........................
........................
##......................
##.......#####..........
##........ #....^.....
#.......# ##.........
#.##.#### #.........


You could see a hornet.

Vanquished Creatures
  An ogre (D:5)
  A scorpion (D:4)
  An orc priest (D:5)
  2 orc wizards (D:4)
  A bullfrog skeleton (D:4)
  Ijyb (D:3)
  A worker ant (D:3)
  A hound skeleton (D:4)
  5 adders
  4 gnolls (D:2)
  An ooze (D:1)
  An adder zombie (D:5)
  A worm (D:5)
  6 dart slugs
  4 leopard geckos
  9 orcs
  5 giant cockroaches
  5 goblins
  10 hobgoblins
  6 jackals
  A quokka (D:3)
  10 bats
  2 frilled lizards
  13 kobolds
  2 quokka skeletons
  5 rats
99 creatures vanquished.

Notes
Turn   | Place    | Note
-------+----------+-------------------------------------------
     0 | D:1      | DearestLeader the Draconian Conjurer began the quest for
                  | the Orb.
     0 | D:1      | Reached XP level 1. HP: 14/14 MP: 3/3
   211 | D:1      | Reached XP level 2. HP: 20/20 MP: 1/5
   900 | D:1      | Reached skill level 5 in Conjurations
   987 | D:1      | Reached XP level 3. HP: 26/26 MP: 4/6
  1479 | D:1      | Learned a level 2 spell: Searing Ray
  1747 | D:2      | Reached XP level 4. HP: 31/33 MP: 3/7
  1946 | D:2      | Found a hazy altar of Hepliaklqana.
  1946 | D:2      | Found a snail-covered altar of Cheibriados.
  1959 | D:2      | Reached skill level 6 in Conjurations
  2343 | D:2      | Found an iron altar of Okawaru.
  2343 | D:2      | Found a white marble altar of Elyvilon.
  2802 | D:3      | Reached XP level 5. HP: 28/38 MP: 5/8
  3219 | D:3      | Noticed Ijyb
  3226 | D:3      | Killed Ijyb
  3613 | D:3      | Reached skill level 7 in Conjurations
  3695 | D:4      | Found Jawnamyh's Gadget Shoppe.
  3885 | D:4      | Found an ancient bone altar of Kikubaaqudgha.
  3973 | D:4      | Reached XP level 6. HP: 41/45 MP: 4/9
  4682 | D:5      | Entered Level 5 of the Dungeon
  4795 | D:5      | Found a staircase to the Ecumenical Temple.
  4797 | D:5      | Reached skill level 8 in Conjurations
  4803 | Temple   | Entered the Ecumenical Temple
  5290 | D:5      | Noticed a hornet
  5324 | D:5      | Found a blossoming altar of Fedhas.
  5328 | D:5      | Found a stormy altar of Qazlal.
  5352 | D:5      | Your scales start taking on a fiery red colour.
  5352 | D:5      | Reached XP level 7. HP: 50/50 MP: 5/10
  5352 | D:5      | Gained mutation: Your flesh is heat resistant. (rF+) [Red
                  | Draconian growth]
  5471 | D:5      | Paralysed by a hornet for 3 turns
  5476 | D:5      | Gained mutation: You are resistant to electric shocks.
                  | (rElec) [potion of mutation]
  5476 | D:5      | Gained mutation: You possess an exceptional clarity of
                  | mind. [potion of mutation]
  5476 | D:5      | Gained mutation: Your large and strong wings let you fly
                  | indefinitely. [potion of mutation]
  5477 | D:5      | Slain by a hornet

Illustrated notes

Levels and vault maps discovered:
D:1:      minmay_arrival_pointy, layout_basic
D:2:      layout_basic, amethyst_overflow_temple_binary,
          gammafunk_temple_overflow_elements, first_ration
D:3:      layout_basic, uniq_ijyb
D:4:      layout_loops_ring, kiku_gazebo_garden_becter, serial_shops,
          nicolae_shop_trees, minmay_distorted
D:5:      layout_basic, grunt_temple_overflow_lords_of_destruction,
          grunt_temple_overflow_forces_of_nature,
          minmay_temple_entry_proselytizer
Temple:   nicolae_temple_figure_zero

Skill      XL: |  1  2  3  4  5  6 |
---------------+-------------------+-----
Conjurations   | 5 6 7 8 |  8.0
Dodging        | 2 |  2.9
Stealth        | |  1.7
Spellcasting   | |  2.0

Action                   |  1- 3 |  4- 6 |  7- 9 || total
-------------------------+-------+-------+-------++-------
Melee: Unarmed           |    19 |       |       ||    19
       Tailslap          |    10 |    21 |       ||    31
       Dagger            |    43 |   175 |       ||   218
Throw: Dart              |       |     3 |       ||     3
 Cast: Magic Dart        |    47 |    11 |     1 ||    59
       Searing Ray       |     4 |    26 |     1 ||    31
  Use: Scroll            |       |     2 |       ||     2
       Potion            |       |     1 |     4 ||     5
 Stab: Sleeping          |     3 |       |       ||     3
  Eat: Chunk             |     4 |    12 |     1 ||    17
Armor: Skin              |    29 |    72 |     6 ||   107
Dodge: Dodged            |    48 |   144 |     2 ||   194
